 Dungeon Crawl Stone Soup version 0.28-a0-401-ge240ad9e29 (webtiles) character file.

Game seed: 14535105172064255240

104 ytrimaz the Changer (level 4, 0/36 HPs)
             Began as a Demigod Transmuter on Sept 4, 2021.
             Slain by a goblin (4 damage)
             ... led by Robin
             ... on level 4 of the Dungeon.
             The game lasted 00:08:22 (4669 turns).

ytrimaz the Changer (Demigod Transmuter)            Turns: 4669, Time: 00:08:23

Health: 0/36       AC:  4    Str: 15    XL:     4   Next: 28%
Magic:  7/9        EV: 12    Int: 15    God:
Gold:   113        SH:  0    Dex: 14    Spells: 3/7 levels left

rFire   . . .      SeeInvis .     - Unarmed
rCold   . . .      Faith    .   (no shield)
rNeg    . . .      Spirit   .   i - +2 robe {Will+}
rPois   .          Reflect  .   (helmet currently unavailable)
rElec   .          Harm     .   (no cloak)
rCorr   .          Rampage  .   (no gloves)
Will    +....                   (boots currently unavailable)
Stlth   +.........              (no amulet)
HPRegen 0.12/turn               (no ring)
MPRegen 0.11/turn               (no ring)

@: appendages
A: horns 2, talons 2, high mp 1, forlorn
a: End Transformation


You were on level 4 of the Dungeon.
You had temporarily grown beastly horns and talons.
You visited 1 branch of the dungeon, and saw 4 of its levels.

You collected 113 gold pieces.

Inventory:

Missiles
 f - 2 datura-tipped darts
Armour
 i - a +2 robe of willpower (worn)
Scrolls
 a - 2 scrolls of identify
 b - a scroll of immolation {unknown}
Potions
 d - a potion of flight


   Skills:
 * Level 2.2 Fighting
 + Level 2.6 Dodging
 - Level 0.2 Stealth
 - Level 2.6 Unarmed Combat
 + Level 2.1 Spellcasting
 + Level 2.8 Transmutations


You had 3 spell levels left.
You knew the following spells:

 Your Spells              Type           Power      Damage    Failure   Level
a - Beastly Appendage     Tmut           20%        N/A       7%          1
b - Foxfire               Conj/Fire      4%         2x1d4     22%         1
c - Wereblood             Tmut           10%        N/A       11%         2

Your spell library contained the following spells:

 Spells                   Type           Power      Damage    Failure   Level
 Spider Form              Tmut/Pois      2%         N/A       36%         3
 Conjure Flame            Conj/Fire      1%         6-21      54%         3
 Inner Flame              Hex/Fire       1%         N/A       54%         3
 Summon Guardian Golem    Hex/Summ       1%         N/A       54%         3
 Ice Form                 Ice/Tmut       5%         N/A       77%         4
 Flame Wave               Conj/Fire      1%         3d3       91%         4
 Orb of Destruction       Conj           0%         N/A       100%        7
 Spellforged Servitor     Conj/Summ      0%         N/A       100%        7


Dungeon Overview and Level Annotations

Branches:
Dungeon (4/15)
 Temple: D:4-7


Innate Abilities, Weirdness & Mutations

You have temporarily grown beastly horns and talons.
Your attributes grow dramatically as you level up.
You have an increased reservoir of magic. (+10% MP)
You shall have no god before yourself.


Message History

The goblin no longer looks unusually strong.
The goblin hits you with a +0 club. x2; The goblin closely misses you.
The goblin hits you but does no damage. The goblin closely misses you.
Casting: Beastly Appendage (safe; 7% risk of failure)
Confirm with . or Enter, or press ? or * to list all spells.
You grow a pair of large bovine horns.
Your feet morph into talons.
The goblin no longer looks unusually strong.
The goblin barely misses you. The goblin closely misses you.
The goblin hits you with a +0 club.
* * * LOW HITPOINT WARNING * * *
The goblin barely misses you. The goblin closely misses you.
Casting: Beastly Appendage (safe; 7% risk of failure)
Confirm with . or Enter, or press ? or * to list all spells.
You conjure some foxfire!
The goblin no longer looks unusually strong.
The goblin closely misses you. The goblin barely misses you.
The goblin hits you but does no damage. The goblin barely misses you.
The goblin closely misses you.
You barely miss the goblin. Your kick misses the goblin.
The foxfire hits the goblin.
You kill the goblin!
The goblin closely misses you. The goblin barely misses you.
The goblin closely misses you.
You hit the goblin.
You kill the goblin!
The goblin hits you but does no damage. The goblin hits you with a +0 club.
* * * LOW HITPOINT WARNING * * *
The goblin closely misses you.
You hit the goblin.
You kill the goblin!
The goblin hits you with a +0 club.
* * * LOW HITPOINT WARNING * * *
The goblin closely misses you. The goblin hits you but does no damage.
The goblin barely misses you.
Things that are here:
a +0 club; a +0 dagger You hit the goblin.
The goblin is severely wounded.
The goblin completely misses you. The goblin hits you with a +0 club.
You die...

..(.......##
........#..######
........###..#..##
.#.....##
##.....## ##.....#
##......# #....##
##.......## #...##
#.........## ##.##
#......g)).##
#......@.)..#
##.....)g##...#
#...<..### ....#
#...#### ....
##### #.. .


You could see 2 goblins.

Vanquished Creatures
  Jessica (D:3)
  Robin (D:4)
  An adder (D:2)
  A worm (D:2)
  2 dart slugs
  An orc (D:3)
  3 ball pythons
  An endoplasm (D:1)
  3 giant cockroaches
  11 goblins
  6 hobgoblins
  4 jackals (D:1)
  3 bats
  6 kobolds
  2 rats (D:1)
46 creatures vanquished.

Vanquished Creatures (others)
  12 foxfires
12 creatures vanquished.

Grand Total: 58 creatures vanquished

Notes
Turn   | Place    | Note
-------+----------+-------------------------------------------
     0 | D:1      | ytrimaz the Demigod Transmuter began the quest for the Orb.
     0 | D:1      | Reached XP level 1. HP: 15/15 MP: 5/5
    60 | D:1      | Reached skill level 1 in Fighting
   851 | D:1      | Reached XP level 2. HP: 17/23 MP: 7/7
  2219 | D:2      | Learned a level 1 spell: Foxfire
  2234 | D:2      | Noticed an ogre
  3038 | D:2      | Reached XP level 3. HP: 24/29 MP: 6/8
  3907 | D:3      | Noticed Jessica
  3920 | D:3      | Killed Jessica
  4150 | D:3      | Reached XP level 4. HP: 35/36 MP: 9/9
  4621 | D:4      | Noticed Robin
  4632 | D:3      | Learned a level 2 spell: Wereblood
  4656 | D:4      | Killed Robin
  4669 | D:4      | Slain by a goblin

Illustrated notes

Levels and vault maps discovered:
D:1:      psy_arrival_radial02, layout_basic, chequers_serial_rivers_small_b,
          minmay_pentomino_z2
D:2:      layout_basic, basic_altar, serial_corexii_hall,
          chequers_hall_statues_wall_a, corexii_hall_statues_s
D:3:      layout_basic, tgw_sif, chequers_ecumenical_altar_island
D:4:      layout_cave_pods, kiku_gazebo_pond_becter, grunt_temple_overflow_open,
          uniq_robin

Skill      XL: |  1  2  3 |
---------------+----------+-----
Fighting       | 1 2 |  2.2
Transmutations | 2 |  2.8
Dodging        | 2 |  2.6
Spellcasting   | 2 |  2.1
Stealth        | |  0.2
Unarmed Combat | |  2.6

Action                   |  1- 3 |  4- 6 || total
-------------------------+-------+-------++-------
Melee: Unarmed           |   136 |    25 ||   161
       Kick              |    20 |     5 ||    25
       Headbutt          |    10 |     1 ||    11
       Punch             |     1 |       ||     1
 Cast: Beastly Appendage |    21 |     3 ||    24
       Foxfire           |     8 |     1 ||     9
       Wereblood         |       |     1 ||     1
  Use: Scroll            |     3 |     4 ||     7
       Potion            |     1 |     2 ||     3
 Stab: Sleeping          |     1 |       ||     1
Armor: Robe              |    29 |    15 ||    44
Dodge: Dodged            |    94 |    57 ||   151

Table legend: (Time is in decaauts)
 A = Elapsed time spent in this place.
 B = Non-inter-level travel time spent in this place.
 C = Inter-level travel time spent in this place.
 D = Time resting spent in this place.
 E = Time spent auto-exploring this place.
 F = Levels seen in this place.
 G = Mean time per level.
                   A        B        C        D        E       F      G
               +--------+--------+--------+--------+--------+-----+--------+
         Total |   4678 |   4317 |    361 |   1725 |   1534 |   4 | 1169.5 |
       Dungeon |   4678 |   4317 |    361 |   1725 |   1534 |   4 | 1169.5 |
               +--------+--------+--------+--------+--------+-----+--------+

Top non-repeatable levels by time:
     D:1: 2466 daAuts
     D:3: 1268 daAuts
     D:2: 839 daAuts
     D:4: 104 daAuts
